Match 40973132
Unlisted

Match 40973132
End
Vickers Machine Gun Team
Construct Section Command Post
Dingo Light Scout Car
ML 3-inch Mortar Team
Infantry Section
Construct Platoon Command Post
Infantry Section
Unlock M3 Stuart Light Tanks
M3 Stuart Light Tank
6-pounder Anti-tank Gun Team
Selects Heavy Armor Battlegroup
Selects Engineer Detachments
Selects Forward Repair Assembly
Construct Field Infirmary
6-pounder Anti-tank Gun Team
Grenade Package
M3 Stuart Light Tank
CMP 15cwt Truck
6-pounder Anti-tank Gun Team
Vickers Machine Gun Team
Selects Churchill Black Prince Heavy Tank
Churchill Black Prince Heavy Tank
Vickers Machine Gun Team
Royal Engineer Section
克劳塞尔
Dying Hentai
redkamic
Saga_Senshuu
Para_Dilshan
TravisD
以帅服人
3044432457
0
0

Comments sign in to comment!

No comments posted yet!